 Dungeon Crawl Stone Soup version 0.27-a0-972-gd1521fd518 (webtiles) character file.

Game seed: 5754278831704324315

10 Alarkh the Insei (level 2, 20/21 HPs)
             Began as a Demonspawn Transmuter on Apr 13, 2021.
             Got out of the dungeon alive.
             The game lasted 00:00:45 (419 turns).

Alarkh the Insei (Demonspawn Transmuter)             Turns: 419, Time: 00:00:46

Health: 20/21      AC:  2    Str: 10    XL:     2   Next: 10%
Magic:  5/5        EV: 12    Int: 14    God:
Gold:   11         SH:  0    Dex: 13    Spells: 4/5 levels left

rFire    . . .     SeeInvis .     - Unarmed
rCold    . . .     Faith    .   (no shield)
rNeg     . . .     Spirit   .   a - +0 robe
rPois    .         Reflect  .   (no helmet)
rElec    .         Harm     .   (no cloak)
rCorr    .         Rampage  .   (no gloves)
Will     .....                  (no boots)
Stlth    +.........             (no amulet)
HPRegen  0.07/turn              (no ring)
MPRegen  0.09/turn              (no ring)

@: no status effects
A: talons 1
a: no special abilities


You escaped.
You visited 1 branch of the dungeon, and saw 1 of its levels.

You collected 11 gold pieces.

Inventory:

Armour
 a - a +0 robe (worn)
Scrolls
 c - a scroll of teleportation {unknown}
 d - a scroll of noise {unknown}
Potions
 b - a potion of might {unknown}


   Skills:
 + Level 1.2 Fighting
 - Level 1.7 Dodging
 * Level 2.9 Unarmed Combat
 + Level 2.1 Spellcasting
 + Level 1.9 Transmutations


You had 4 spell levels left.
You knew the following spells:

 Your Spells              Type           Power      Damage    Failure   Level
a - Beastly Appendage     Tmut           14%        N/A       11%         1

Your spell library contained the following spells:

 Spells                   Type           Power      Damage    Failure   Level
 Wereblood                Tmut           7%         N/A       16%         2
 Spider Form              Tmut/Pois      2%         N/A       43%         3
 Ice Form                 Ice/Tmut       4%         N/A       83%         4
 Hydra Form               Tmut           3%         N/A       96%         5


Dungeon Overview and Level Annotations

Branches:
Dungeon (1/15)

Altars:


Innate Abilities, Weirdness & Mutations

You have sharp toenails.


Message History

You kill the ball python!
Your horns disappear.
Your talons disappear.
Key pressed, stopping explore.
A goblin comes into view. It is wielding a +0 club.
The goblin shouts!
The goblin moves out of view.
A goblin is nearby!
A goblin is nearby!
A goblin is nearby!
Casting: Beastly Appendage (safe; 11% risk of failure)
Confirm with . or Enter, or press ? or * to list all spells.
You grow a pair of large bovine horns.
Your feet morph into talons.
Unknown command.
You barely miss the goblin. Your headbutt misses the goblin.
The goblin misses you.
An endoplasm comes into view.
The endoplasm quivers.
You hit the goblin.
The goblin is severely wounded.
The goblin hits you but does no damage.
You hit the goblin.
You kill the goblin!
You have reached level 2!
Your demonic ancestry asserts itself...
Your mutations feel more permanent.
You see here a +0 club.
You hit the endoplasm. You claw the endoplasm.
You kill the endoplasm!
Your transformation is almost over.
No target in view!
No target in view!
No target in view!
No target in view!
No target in view!
Unknown command.
Your horns disappear.
Your talons shrink.
There is an open door here.
There is a staircase leading out of the dungeon here.
Are you sure you want to leave the Dungeon?
This will make you lose the game!
You have escaped!

.#.#............
........#
...#.#.#........
.#...#.#........
.#...#..........
.###############
.......##...##
..###....(#..######
..#..#.####..#....#
..'..#.'..#..'..@.#
..##'#.#..#..#....#
..#..#.####..######
..#..#.......#
.############# .#
.# .##### .....##


There were no monsters in sight!

Vanquished Creatures
  3 endoplasms (D:1)
  A goblin (D:1)
  3 ball pythons (D:1)
  2 rats (D:1)
9 creatures vanquished.

Notes
Turn   | Place    | Note
-------+----------+-------------------------------------------
     0 | D:1      | Alarkh the Demonspawn Transmuter began the quest for the
                  | Orb.
     0 | D:1      | Reached XP level 1. HP: 15/15 MP: 3/3
   370 | D:1      | Mutation became permanent: You have sharp toenails.
                  | [demonic ancestry]
   370 | D:1      | Gained mutation: You have razor-sharp toenails. [demonic
                  | ancestry]
   370 | D:1      | Reached XP level 2. HP: 17/21 MP: 3/5
   419 | D:$      | Got out of the dungeon alive.

Illustrated notes

Levels and vault maps discovered:
D:1:      dpeg_arrival_erosion, layout_basic, serial_forest,
          infiniplex_forest_clump_curved, infiniplex_forest_clump_small,
          infiniplex_forest_straight_5, infiniplex_forest_straight_5,
          infiniplex_forest_end_3, infiniplex_forest_zigzag_1,
          infiniplex_forest_clump_double, infiniplex_forest_straight_1

Action                   || total
-------------------------++-------
Melee: Unarmed           ||    20
       Kick              ||     5
       Headbutt          ||     2
 Cast: Beastly Appendage ||     5
Armor: Robe              ||     3
Dodge: Dodged            ||    12

Table legend: (Time is in decaauts)
 A = Elapsed time spent in this place.
 B = Non-inter-level travel time spent in this place.
 C = Inter-level travel time spent in this place.
 D = Time resting spent in this place.
 E = Time spent auto-exploring this place.
 F = Levels seen in this place.
 G = Mean time per level.
                   A        B        C        D        E       F      G
               +--------+--------+--------+--------+--------+-----+--------+
         Total |    418 |    372 |     46 |      0 |    316 |   1 |  418.0 |
       Dungeon |    418 |    372 |     46 |      0 |    316 |   1 |  418.0 |
               +--------+--------+--------+--------+--------+-----+--------+

Top non-repeatable levels by time:
     D:1: 418 daAuts
